 Dungeon Crawl Stone Soup version 0.28.0-1-gb440e238dd (webtiles) character file.

Game seed: 3870667360498528741

273 egresovca the Conjurer (level 6, -1/32 HPs)
             Began as a Gargoyle Conjurer on Feb 20, 2022.
             Killed by divine providence
             ... invoked by an orc priest
              (13 damage)
             ... on level 4 of the Dungeon.
             The game lasted 00:03:36 (3376 turns).

egresovca the Conjurer (Gargoyle Conjurer)          Turns: 3376, Time: 00:03:37

Health: -1/32      AC:  8    Str: 11    XL:     6   Next: 24%
Magic:  1/11       EV: 11    Int: 20    God:
Gold:   104        SH:  0    Dex:  8    Spells: 8/11 levels left

rFire   + . .      SeeInvis .   g - +3 spear
rCold   . . .      Faith    .   (no shield)
rNeg    + . .      Spirit   .   c - +0 leather armour
rPois   ∞          Reflect  .   (no helmet)
rElec   +          Harm     .   (no cloak)
rCorr   .          Rampage  .   (no gloves)
Will    .....                   k - +0 pair of boots
Stlth   +.........              (no amulet)
HPRegen 0.10/turn               b - ring of protection from fire
MPRegen 0.12/turn               (no ring)

@: no status effects
A: sickness immunity, AC +4, negative energy resistance 1, electricity
resistance, torment resistance 1, petrification resistance
a: no special abilities


You were on level 4 of the Dungeon.
You visited 1 branch of the dungeon, and saw 4 of its levels.

You collected 104 gold pieces.

Inventory:

Hand Weapons
 d - a +0 short sword
 g - a +3 spear (weapon)
Armour
 c - a +0 leather armour (worn)
 k - a +0 pair of boots (worn)
Magical Staves
 j - a staff of cold
Jewellery
 b - a ring of protection from fire (left hand)
Scrolls
 e - 3 scrolls of identify {unknown}
 f - a scroll of magic mapping {unknown}
 h - a scroll of blinking {unknown}
 i - 5 scrolls of immolation {unknown}
 m - a scroll of vulnerability {unknown}
 n - a scroll of teleportation {unknown}
 p - a scroll of silence {unknown}
 r - a scroll of fear {unknown}
Potions
 a - a potion of haste {unknown}
 l - a potion of attraction {unknown}
 o - a potion of curing {unknown}
 q - a potion of flight {unknown}


   Skills:
 - Level 1.5 Dodging
 - Level 2.1 Stealth
 + Level 3.4 Spellcasting
 + Level 7.2 Conjurations


You had 8 spell levels left.
You knew the following spells:

 Your Spells              Type           Power      Damage    Failure   Level
a - Magic Dart            Conj           100%       1d8       1%          1
b - Searing Ray           Conj           64%        2d6       1%          2

Your spell library contained the following spells:

 Spells                   Type           Power      Damage    Failure   Level
 Dazzling Flash           Conj/Hex       34%        N/A       12%         3
 Pain                     Necr           12%        1d4       19%         1
 Ensorcelled Hibernation  Hex/Ice        6%         N/A       26%         2
 Fulminant Prism          Conj/Hex       8%         3d7       38%         4
 Iskenderun's Mystic Bla  Conj/Tloc      17%        2d5       38%         4
 Spider Form              Tmut/Pois      3%         N/A       47%         3
 Anguish                  Hex/Necr       1%         N/A       87%         4
 Agony                    Necr           3%         N/A       99%         5
 Excruciating Wounds      Necr           1%         N/A       99%         5


Dungeon Overview and Level Annotations

Branches:
Dungeon (4/15)
 Temple: D:4-7

Altars:

Shops:
D:1 (


Innate Abilities, Weirdness & Mutations

You are immune to sickness and miasma.
Your stone body is resilient. (AC +4)
You are immune to poison.
You resist negative energy. (rN+)
You are resistant to electric shocks. (rElec)
You are resistant to unholy torment.
You are immune to petrification.


Message History

The orc is severely wounded. (Press . to maintain the ray.)
The searing ray hits the orc.
You kill the orc!
The searing ray hits the orc priest but does no damage.
The searing ray hits the orc priest but does no damage.
The searing ray hits the orc priest but does no damage.
You finish channelling your searing ray.
You hit the orc priest.
The orc priest is lightly wounded.
The orc priest hits you with a +0 flail of protection!
You hit the orc priest but do no damage.
The orc priest is lightly wounded.
The orc priest hits you but does no damage.
You closely miss the orc priest.
The orc priest is lightly wounded.
The orc priest barely misses you.
Aiming: Searing Ray (safe; 1% risk of failure)
Press: ? - help, Q - select action, (/) - cycle Shift-Dir - straight line, f - orc priest
Aim: an orc priest, wielding a +0 flail of protection and wearing a +0 scale mail (lightly wounded, 83% to hit)
The searing ray misses the orc priest. (Press . to maintain the ray.)
The orc priest completely misses you.
You closely miss the orc priest. Your punch misses the orc priest.
The orc priest is lightly wounded.
The orc priest closely misses you.
The orc priest casts a cantrip, but nothing happens.
You hit the orc priest but do no damage.
Your punch misses the orc priest.
The orc priest is lightly wounded.
The orc priest closely misses you. The orc hits you but does no damage.
The orc barely misses you. The orc barely misses you.
The orc hits you with a +0 trident.
There is an open door here.
The orc hits you from afar with a +0 trident.
The orc priest mumbles some strange prayers to Beogh against you.
Beogh smites you!
You die...

..#####....#..#.......
..##..+†...#..#...<.....
..##..#....#.)#.........
..##..#....#.)#.........
..##..#....##'#.........
..#...#....#..#.........
..#...#....#..#.........
..'...#....#.o#.........
####..#....#..o.@.......
...#..#....+..#.........
...#..#....#..#.........
...+..#....####.........
...#'##.................
........................
........................
###.....................
#....###.............


You could see an orc priest and an orc.

Vanquished Creatures
  Pargi (D:3)
  A bullfrog zombie (D:3)
  A jelly (D:4)
  3 adders
  A gnoll (D:1)
  3 dart slugs
  7 orcs
  4 endoplasms
  2 giant cockroaches (D:4)
  5 goblins
  4 hobgoblins
  10 jackals
  5 ball pythons
  3 frilled lizards
  4 kobolds
  7 rats
61 creatures vanquished.

Notes
Turn   | Place    | Note
-------+----------+-------------------------------------------
     0 | D:1      | egresovca the Gargoyle Conjurer began the quest for the
                  | Orb.
     0 | D:1      | Reached XP level 1. HP: 10/10 MP: 3/3
   282 | D:1      | Reached XP level 2. HP: 15/15 MP: 3/5
   416 | D:1      | Reached skill level 5 in Conjurations
   481 | D:1      | Found Furaet's Antique Weapon Boutique.
   677 | D:1      | Learned a level 2 spell: Searing Ray
   758 | D:1      | Reached XP level 3. HP: 19/19 MP: 1/6
  1561 | D:2      | Reached XP level 4. HP: 22/24 MP: 3/7
  1617 | D:2      | Found a faded altar of an unknown god.
  2169 | D:3      | Reached skill level 6 in Conjurations
  2345 | D:3      | Reached XP level 5. HP: 28/28 MP: 6/9
  2689 | D:3      | Noticed Pargi
  2697 | D:3      | Killed Pargi
  2698 | D:3      | Reached skill level 7 in Conjurations
  2698 | D:3      | Reached XP level 6. HP: 27/32 MP: 0/10
  3376 | D:4      | Killed from afar by an orc priest

Illustrated notes

Levels and vault maps discovered:
D:1:      amcnicky_arrival_single_pillar, layout_basic, serial_shops, shop,
          corner_web_ring, minmay_nonomino_d4
D:2:      layout_loops_ring, basic_ecumenical_altar, serial_bayou_crossing
D:3:      layout_loops_ring, uniq_pargi
D:4:      layout_gridville, skrybe_limestone_x, feat_on_display, uniq_duvessa

Skill      XL: |  1  2  3  4  5 |
---------------+----------------+-----
Conjurations   | 5 6 7 |  7.2
Spellcasting   | 3 |  3.4
Dodging        | |  1.5
Stealth        | |  2.1

Action                   |  1- 3 |  4- 6 || total
-------------------------+-------+-------++-------
Melee: Unarmed           |     2 |       ||     2
       Short sword       |    12 |       ||    12
       Spear             |    18 |    44 ||    62
       Punch             |       |     1 ||     1
 Cast: Magic Dart        |    33 |     5 ||    38
       Searing Ray       |     3 |    12 ||    15
 Stab: Sleeping          |       |     3 ||     3
Armor: Leather armour    |    14 |    20 ||    34
Dodge: Dodged            |    26 |    34 ||    60
